[Event "28th North American Open"]
[Site "Las Vegas"]
[Date "2018.12.29"]
[Round "6"]
[White "Adamson, Robby"]
[Black "Becerra Rivero, Julio"]
[Result "0-1"]
[ECO "C56"]
[WhiteElo "2218"]
[BlackElo "2520"]
[PlyCount "118"]
[EventDate "2018.12.??"]
[EventType "swiss"]
[EventRounds "9"]
[EventCountry "USA"]
[TimeControl "6600+10"]
[WhiteClock "0:06:35"]
[BlackClock "0:08:04"]

1. e4 e5 2. Nf3 Nc6 3. Bc4 Nf6 4. d4 exd4 5. e5 d5 6. Bb5 Ne4 7. Nxd4 Bc5 8. Be3 O-O 9. Nxc6 bxc6 10.
Bxc5 Nxc5 11. Bxc6 Rb8 12. Qxd5 Qe7 13. O-O Rxb2 14. Na3 Rb4 15. Rfe1 Ne6 16. Qd3 Qc5 17. Qd5 Qe7 18. Qd3 Rb6 19. Bf3 Rd8 20. Qe3 Nd4 21. Be4 Ra6 22. Nc4 Ra4 23. Nd2 g6 24. Bd3 Nf5 25. Qe2 Kg7 26. Nf3 Nd4 27. Nxd4 Raxd4 28. Qe3 c5 29. h3 Be6 30. Be4 Ra4 31. Bc6 Rxa2 32. Rxa2 Bxa2 33. Ra1 Be6 34. Bf3 Bf5 35. Ra5 Rc8 36. Qc3 Be6 37. Kh2 Rc7 38. g3 h5 39. h4 Kh7 40.
Kg2 Bf5 41. Bd5 Rd7 42. Bf3 Rc7 43. Bd5 Qd7 44. Bf3 Qd4 45.
Qxd4 cxd4 46. Bd1 Kg7 47. Ra4 Rd7 48. Rc4 a5 49. f4 Ra7 50.
Ra4 Bd7 51. Ra3 a4 52. Kf2 Rc7 53. Ke2 Rc4 54. Kd2 Rb4 55. Ra2 Kf8 56. Ra1 Ke7 57. c3 Rb2+ 58. Kd3 dxc3 59. Bxa4 c2 0-1

[Event "28th North American Open"]
[Site "Las Vegas"]
[Date "2018.12.29"]
[Round "6"]
[White "Kollar, Romain"]
[Black "Ginsburg, Mark"]
[Result "1/2-1/2"]
[ECO "B41"]
[WhiteElo "2180"]
[BlackElo "2336"]
[PlyCount "107"]
[EventDate "2018.12.??"]
[EventType "swiss"]
[EventRounds "9"]
[EventCountry "USA"]
[TimeControl "6600+10"]
[WhiteClock "0:04:34"]
[BlackClock "0:00:52"]

1. e4 c5 2. Nf3 e6 3. d4 cxd4 4. Nxd4 a6 5. c4 Nf6 6. Nc3 Qc7 7. a3 b6 8. Be3 Bb7 9. f3 d6 10. Be2 Be7 11. O-O O-O 12. Qd2 Nbd7 13.
Rfd1 Rac8 14. Rac1 Rfe8 15. b4 Qb8 16. Nb3 Bf8 17. Na4 Bc6 18.
Nb2 Bb7 19. Bf1 h6 20. Kh1 Bc6 21. a4 a5 22. bxa5 Nc5 23. Nxc5 bxc5 24. Nd3 Bxa4 25. Re1 Qc7 26. Ra1 Bd7 27. Qc3 e5 28. Ra3 Ra8 29. Rea1 Ra6 30. Bd2 Rea8 31. Nb2 Be7 32. Nd1 Bd8 33. R1a2 Rb8 34. Qd3 Rba8 35. Nc3 Ne8 36. Nd5 Qc6 37. Be2 Nf6 38. Qb1 R6a7 39. Be1 Rb7 40. Qa1 Rab8 41. Nc3 Qa6 42. Nb5 Ne8 43. Rb2 Nc7 44. Nxc7 Bxc7 45. Rxb7 Rxb7 46. Bd3 Bc8 47. Qa2 Rb8 48. Bc2 Be6 49. Bd3 Kh7 50. h3 Bd8 51. Qc2 Bd7 52. Qa2 Bc8 53. Qc2 Bd7 54. Qa2 1/2-1/2

[Event "28th North American Open"]
[Site "Las Vegas"]
[Date "2018.12.29"]
[Round "6"]
[White "Nguyen, Emily"]
[Black "Yang, Kevin"]
[Result "0-1"]
[ECO "A45"]
[WhiteElo "2262"]
[BlackElo "2135"]
[PlyCount "50"]
[EventDate "2018.12.??"]
[EventType "swiss"]
[EventRounds "9"]
[EventCountry "USA"]
[TimeControl "6600+10"]
[WhiteClock "0:07:50"]
[BlackClock "0:50:38"]

1. d4 Nf6 2. Bg5 d5 3. Bxf6 exf6 4. e3 c6 5. c4 dxc4 6.
Bxc4 Bd6 7. Nf3 f5 8. O-O O-O 9. Nc3 Nd7 10. Qc2 Nf6 11. Rfd1 Qe7 12. a3 a5 13. Rac1 Ne4 14. Bd3 Re8 15. Na4 Be6 16. Re1 Qd8 17. Rcd1 Bd5 18.
h3 g6 19. Nd2 Nxf2 20. Kxf2 Qh4+ 21. Kg1 Bxg2 22. Nc4 Bf3 23. Qf2 Qxh3 24. Qxf3 Qxf3 25. Nxd6 Qg3+ 0-1

[Event "28th North American Open"]
[Site "Las Vegas"]
[Date "2018.12.28"]
[Round "6"]
[White "Li, Eric"]
[Black "Calugar, Arthur"]
[Result "1/2-1/2"]
[ECO "D85"]
[WhiteElo "2045"]
[BlackElo "2208"]
[PlyCount "48"]
[EventDate "2018.12.??"]
[EventType "swiss"]
[EventRounds "9"]
[EventCountry "USA"]
[TimeControl "6600+10"]
[WhiteClock "0:45:54"]
[BlackClock "1:03:13"]

1. d4 Nf6 2. c4 g6 3. Nc3 d5 4. cxd5 Nxd5 5. e4 Nxc3 6. bxc3 Bg7 7. Nf3 c5 8. Rb1 O-O 9. Be2 Qa5 10.
Qd2 cxd4 11. cxd4 Qxd2+ 12. Bxd2 Nc6 13. d5 Nd4 14. Nxd4 Bxd4 15. Bb4 Bf6 16. f4 Rd8 17. Bf3 e5 18. dxe6 Bxe6 19. e5 Bf5 20.
Rc1 Re8 21. Bxb7 Rab8 22. Bc6 Rec8 23. exf6 Rxb4 24. O-O Rb6 1/2-1/2

[Event "28th North American Open"]
[Site "Las Vegas"]
[Date "2018.12.29"]
[Round "6"]
[White "Encinas Varela, David"]
[Black "Sandager, Stephen"]
[Result "1-0"]
[ECO "C24"]
[WhiteElo "1885"]
[BlackElo "2064"]
[PlyCount "57"]
[EventDate "2018.12.??"]
[EventType "swiss"]
[EventRounds "9"]
[EventCountry "USA"]
[TimeControl "6600+10"]
[WhiteClock "0:30:41"]
[BlackClock "0:07:34"]

1. e4 e5 2. Bc4 Nf6 3. d3 Bc5 4. Be3 Bxe3 5. fxe3 O-O 6. Nf3 c6 7. O-O d5 8. exd5 cxd5 9. Bb3 Nc6 10.
Nc3 h6 11. Qe1 d4 12. exd4 exd4 13. Ne4 Nxe4 14. Qxe4 Qe8 15. Qxe8 Rxe8 16. Ng5 hxg5 17. Bxf7+ Kf8 18. Bxe8+ Kxe8 19. Rae1+ Kd8 20.
Rf8+ Kc7 21. Ree8 Rb8 22. Rf7+ Bd7 23. Rxb8 Nxb8 24. Rxg7 g4 25. h4 gxh3 26. gxh3 Kc6 27. h4 Bf5 28. h5 Nd7 29. h6 1-0

[Event "28th North American Open"]
[Site "Las Vegas"]
[Date "2018.12.29"]
[Round "7.1"]
[White "Patel, Advait"]
[Black "Bai, Jinshi"]
[Result "1/2-1/2"]
[ECO "C42"]
[WhiteElo "2455"]
[BlackElo "2568"]
[PlyCount "40"]
[EventDate "2018.12.??"]
[EventType "swiss"]
[EventRounds "9"]
[EventCountry "USA"]
[TimeControl "6600+10"]
[WhiteClock "1:13:50"]
[BlackClock "0:53:36"]

1. e4 e5 2. Nf3 Nf6 3. Nxe5 d6 4. Nf3 Nxe4 5. d4 d5 6. Bd3 Be7 7. O-O O-O 8. c4 Nc6 9. Nc3 Nxc3 10. bxc3 dxc4 11. Bxc4 Bf5 12. Re1 Bd6 13. h3 h6 14. Bd3 Qf6 15. Rb1 b6 16. Qc2 Bxh3 17. gxh3 Qxf3 18. Be4 Qxh3 19. Bxc6 Bh2+ 20. Kh1 Bf4+ 1/2-1/2

[Event "28th North American Open"]
[Site "Las Vegas"]
[Date "2018.12.29"]
[Round "7.2"]
[White "Zierk, Steven"]
[Black "Pakleza, Zbigniew"]
[Result "1/2-1/2"]
[ECO "A43"]
[WhiteElo "2510"]
[BlackElo "2506"]
[PlyCount "25"]
[EventDate "2018.12.??"]
[EventType "swiss"]
[EventRounds "9"]
[EventCountry "USA"]
[TimeControl "6600+10"]
[WhiteClock "0:53:00"]
[BlackClock "1:17:41"]

1. d4 c5 2. dxc5 e6 3. Nc3 Bxc5 4. Ne4 Nf6 5. Nxc5 Qa5+ 6.
c3 Qxc5 7. Nf3 O-O 8. Bf4 d5 9. e3 Nc6 10. Bd3 Qe7 11. Ne5 Nd7 12. Nxd7 Bxd7 13. O-O 1/2-1/2

[Event "28th North American Open"]
[Site "Las Vegas"]
[Date "2018.12.29"]
[Round "7.3"]
[White "Zhu, Jack"]
[Black "Balakrishnan, Praveen"]
[Result "1-0"]
[ECO "C42"]
[WhiteElo "2364"]
[BlackElo "2418"]
[PlyCount "235"]
[EventDate "2018.12.??"]
[EventType "swiss"]
[EventRounds "9"]
[EventCountry "USA"]
[TimeControl "6600+10"]
[WhiteClock "0:38:45"]
[BlackClock "0:00:03"]

1. e4 e5 2. Nf3 Nf6 3. Nxe5 d6 4. Nf3 Nxe4 5. Qe2 Qe7 6.
d3 Nf6 7. Bg5 Qxe2+ 8. Bxe2 Be7 9. c4 h6 10. Bf4 Nc6 11.
Nc3 Bf5 12. O-O O-O-O 13. d4 Nd7 14. Nd5 Rhe8 15. Rfe1 Bf8 16. Be3 Nb6 17. Nxb6+ axb6 18. d5 Ne5 19. Nd4 Bd3 20. b3 Bxe2 21.
Rxe2 g6 22. Rae1 Kd7 23. Bd2 Nd3 24. Rxe8 Rxe8 25. Rxe8 Kxe8 26. Kf1 Bg7 27. Nb5 Kd7 28. Ke2 Nc5 29. Bc3 Be5 30. Ke3 c6 31. f4 Bxc3 32. Nxc3 f5 33. h3 h5 34. b4 Na6 35. a3 Nc7 36.
Kd3 cxd5 37. cxd5 b5 38. Ke3 Ke7 39. Kf3 Kf6 40. Kg3 Kf7 41.
Kh4 Kf6 42. g3 Kf7 43. Kg5 Kg7 44. g4 hxg4 45. hxg4 fxg4 46. Kxg4 Kf6 47. Kf3 Kf5 48. Ne4 Ne8 49. Ng3+ Kf6 50. Ke4 g5 51. fxg5+ Kxg5 52. Kd4 Kf6 53. Ne4+ Ke7 54. Nd2 Nf6 55. Nf1 Ne8 56. Ng3 Kf6 57. Ke4 Kg5 58. Ne2 Kf6 59. Nd4 Nc7 60. Nb3 Ke7 61. Na5 b6 62. Nb3 Ne8 63. Nc1 Nf6+ 64. Kd4 Ne8 65. Ne2 Nc7 66. Ke4 Kf7 67. Nd4 Ke7 68. Nf3 Ne8 69. Nh4 Nf6+ 70. Kd4 Ne8 71. Ng2 Nc7 72. Ke4 Kf7 73. Nf4 Kf6 74. Nh3 Ke7 75. Ng5 Kf6 76. Nf3 Kf7 77. Nd4 Ke7 78. Nf5+ Kd7 79. Kd4 Ne8 80. Kd3 Nf6 81. Kd4 Ne8 82. Nh6 Ke7 83. Ng4 Kf7 84. Nf2 Ke7 85. Nd1 Kf6 86. Ke4 Nc7 87. Ne3 Ne8 88. Nf5 Kf7 89. Ke3 Kf6 90. Kf4 Kf7 91. Kg5 Kf8 92. Kg6 Nc7 93. Kf6 Nxd5+ 94. Ke6 Nc3 95. Nxd6 Na4 96. Kd7 Nb2 97. Kc6 Nc4 98. Nxb5 Ke7 99. a4 Kd8 100. Nc3 Kc8 101. Kb5 Nd6+ 102. Kxb6 Kb8 103. a5 Nc8+ 104. Kc5 Kb7 105. Nd5 Ka6 106. Kc4 Nd6+ 107. Kb3 Kb5 108. Nc3+ Kc6 109. Ka4 Nc4 110. b5+ Kc5 111.
Ne4+ Kd5 112. Kb4 Ne5 113. Nc3+ Kd6 114. a6 Kc7 115. Nd5+ Kb8 116. b6 Nd7 117. Kb5 Kc8 118. Nc7 1-0

[Event "28th North American Open"]
[Site "Las Vegas"]
[Date "2018.12.29"]
[Round "7.4"]
[White "Coleman, Teddy"]
[Black "Brattain, Mika"]
[Result "0-1"]
[ECO "E73"]
[WhiteElo "2361"]
[BlackElo "2411"]
[PlyCount "90"]
[EventDate "2018.12.??"]
[EventType "swiss"]
[EventRounds "9"]
[EventCountry "USA"]
[TimeControl "6600+10"]
[WhiteClock "0:22:44"]
[BlackClock "1:10:26"]

1. d4 Nf6 2. c4 g6 3. Nc3 Bg7 4. e4 d6 5. Be2 O-O 6. Be3 c5 7. d5 e6 8. Nf3 exd5 9. cxd5 Bg4 10. Nd2 Bxe2 11. Qxe2 Re8 12. O-O Na6 13. Kh1 Nc7 14. a4 a6 15. a5 Rb8 16. f3 Nd7 17. Nc4 Ne5 18. f4 Nxc4 19. Qxc4 Nb5 20. e5 Nxc3 21. bxc3 dxe5 22. f5 e4 23. Rad1 Qd7 24. f6 Bf8 25.
Qa2 Bd6 26. c4 Re5 27. Bf4 Rf5 28. Bxd6 Rxf1+ 29. Rxf1 Qxd6 30. Qd2 b5 31. axb6 Rxb6 32. h3 Qe5 33. Qf4 Qxf4 34. Rxf4 e3 35. Re4 Rxf6 36. Rxe3 Rf4 37. d6 Rd4 38. Re5 Rxd6 39. Rxc5 Kf8 40. Kh2 Ke7 41. Kg3 Rf6 42. Rd5 Rf5 43. Rd2 a5 44. Rd3 h5 45. h4 a4 0-1

[Event "28th North American Open"]
[Site "Las Vegas"]
[Date "2018.12.29"]
[Round "7"]
[White "Hong, Andrew"]
[Black "Yanayt, Eugene"]
[Result "1/2-1/2"]
[ECO "B90"]
[WhiteElo "2390"]
[BlackElo "2122"]
[PlyCount "51"]
[EventDate "2018.12.??"]
[EventType "swiss"]
[EventRounds "9"]
[EventCountry "USA"]
[TimeControl "6600+10"]
[WhiteClock "0:04:58"]
[BlackClock "0:14:46"]

1. e4 c5 2. Nf3 d6 3. d4 cxd4 4. Nxd4 Nf6 5. Nc3 a6 6. h3 g6 7. g4 Bg7 8. Bg2 O-O 9. Be3 Nc6 10. Qd2 Bd7 11. f4 Rc8 12. Nb3 b5 13.
a3 Be6 14. O-O Nd7 15. Qf2 Bxc3 16. bxc3 Na5 17. Nd4 Bc4 18. Rfd1 e5 19. Nf3 Qe7 20. Qd2 Be6 21. Bf1 Nc5 22. Qxd6 Qxd6 23. Rxd6 Nxe4 24. Rxa6 Nc4 25. Bxc4 Rxc4 26. fxe5 1/2-1/2

[Event "28th North American Open"]
[Site "Las Vegas"]
[Date "2018.12.29"]
[Round "7"]
[White "Peng, Shunkai"]
[Black "Li, Ruifeng"]
[Result "0-1"]
[ECO "B53"]
[WhiteElo "2285"]
[BlackElo "2559"]
[PlyCount "84"]
[EventDate "2018.12.??"]
[EventType "swiss"]
[EventRounds "9"]
[EventCountry "USA"]
[TimeControl "6600+10"]
[WhiteClock "0:01:39"]
[BlackClock "0:01:53"]

1. e4 c5 2. Nf3 d6 3. d4 cxd4 4. Qxd4 Nc6 5. Bb5 a6 6. Bxc6+ bxc6 7. O-O e5 8. Qa4 Qc7 9. c4 Bd7 10. Re1 Ne7 11. Bd2 Ng6 12. c5 d5 13.
exd5 Bxc5 14. Qa5 Bb6 15. Qc3 f6 16. Rc1 Ne7 17. dxc6 Qxc6 18. Na3 O-O 19. Qb3+ Qe6 20. Bb4 Rfe8 21. Nc4 Ba7 22. Na5 Nd5 23. Rd1 Nxb4 24. Rxd7 Qxb3 25. Nxb3 e4 26. Nfd4 Nd3 27. Kf1 Bb6 28. Rb1 Rad8 29. Rxd8 Rxd8 30. Nc6 Rd7 31. f3 e3 32. g3 Rc7 33. Nbd4 Ne5 34. Nxe5 Bxd4 35. Nd3 Rc2 36. h4 Rd2 37. Nf4 Rh2 38.
Re1 Rf2+ 39. Kg1 e2 40. Ng2 Rf1+ 41. Kh2 Rxe1 42. Nxe1 Bf2 0-1

[Event "28th North American Open"]
[Site "Las Vegas"]
[Date "2018.12.29"]
[Round "7"]
[White "Wang, Annie"]
[Black "Karthik Venkataraman"]
[Result "1-0"]
[ECO "A43"]
[WhiteElo "2303"]
[BlackElo "2527"]
[PlyCount "151"]
[EventDate "2018.12.??"]
[EventType "swiss"]
[EventRounds "9"]
[EventCountry "USA"]
[TimeControl "6600+10"]
[WhiteClock "0:04:48"]
[BlackClock "0:04:40"]

1. d4 c5 2. d5 g6 3. c4 Bg7 4. e4 d6 5. Bd3 e6 6. Nc3 Nf6 7. h3 O-O 8. Nf3 Re8 9. O-O Na6 10. Re1 Nc7 11. Qc2 Rb8 12. dxe6 Nxe6 13. Be3 b6 14. Rad1 Bb7 15. Bf1 Qe7 16. Nd5 Qf8 17. Nc3 Rbd8 18. g3 Nd7 19. Nd5 Ne5 20. Nd2 Nc6 21. Bg2 Kh8 22. Qb1 Ne7 23. Nxe7 Qxe7 24. Nf3 Bc6 25. b3 Qb7 26. Bc1 Kg8 27. Qd3 a6 28. Re2 b5 29. Rde1 Rd7 30. Bd2 Rde7 31. Bc3 Bxc3 32. Qxc3 Nf8 33. Nh4 bxc4 34. bxc4 Bxe4 35. Qb3 Qc6 36. f3 d5 37. fxe4 dxe4 38. Qc2 f5 39. Qc3 Ne6 40. Re3 Nd4 41. Nf3 Qf6 42.
Nd2 g5 43. Kh1 h5 44. Rf1 Qd6 45. Rfe1 a5 46. Nxe4 fxe4 47. Bxe4 a4 48. Bd5+ Kg7 49. Qd2 Rxe3 50. Rxe3 Re5 51. Qf2 Rxe3 52. Qxe3 Qf6 53. Kg2 h4 54. g4 Kf8 55. Qa3 Qe7 56. Bf3 Qd6 57. Bd1 Ne6 58. Bxa4 Nf4+ 59. Kf1 Qd4 60. Qb3 Nd3 61. Qb8+ Kg7 62. Qb7+ Kf6 63. Qf3+ Nf4 64. Qc6+ Ke5 65. Qe8+ Ne6 66. Qb8+ Ke4 67. Bc2+ Ke3 68. Qb3+ Kd2 69. Bf5 Qa1+ 70. Kg2 Nf4+ 71. Kh2 Ne2 72. Qc2+ Ke1 73. Kg2 Nf4+ 74. Kf3 Qd1+ 75. Qxd1+ Kxd1 76. a4 1-0

[Event "28th North American Open"]
[Site "Las Vegas"]
[Date "2018.12.29"]
[Round "7"]
[White "Becerra Rivero, Julio"]
[Black "Bitoon, Richard"]
[Result "1-0"]
[ECO "B66"]
[WhiteElo "2520"]
[BlackElo "2455"]
[PlyCount "71"]
[EventDate "2018.12.??"]
[EventType "swiss"]
[EventRounds "9"]
[EventCountry "USA"]
[TimeControl "6600+10"]
[WhiteClock "0:09:43"]
[BlackClock "0:14:36"]

1. e4 c5 2. Nf3 d6 3. d4 cxd4 4. Nxd4 Nf6 5. Nc3 Nc6 6. Bg5 e6 7. Qd2 a6 8. O-O-O h6 9. Bf4 Bd7 10. Nxc6 Bxc6 11. f3 d5 12. Qe1 Bb4 13. Bd2 O-O 14. a3 Be7 15. e5 Nd7 16. f4 b5 17. Ne2 a5 18.
Nd4 Nb8 19. Nxb5 Qb6 20. Be3 Qb7 21. Nd6 Qc7 22. f5 Nd7 23.
f6 Nxf6 24. Qg3 Rfb8 25. Bd3 Bxd6 26. exd6 Qb7 27. Bd4 Ne8 28. Be5 Rc8 29. Rhf1 Rab8 30. d7 Bxd7 31. Rxf7 Kxf7 32. Rf1+ Ke7 33. Qh4+ g5 34. Qxh6 Rxc2+ 35. Bxc2 Kd8 36. Rf3 1-0

[Event "28th North American Open"]
[Site "Las Vegas"]
[Date "2018.12.29"]
[Round "7"]
[White "Wang, Jason"]
[Black "Mulyar, Michael"]
[Result "0-1"]
[ECO "D11"]
[WhiteElo "2241"]
[BlackElo "2398"]
[PlyCount "112"]
[EventDate "2018.12.??"]
[EventType "swiss"]
[EventRounds "9"]
[EventCountry "USA"]
[TimeControl "6600+10"]
[WhiteClock "0:00:34"]
[BlackClock "1:12:36"]

1. d4 d5 2. c4 c6 3. Nf3 Nf6 4. Qc2 dxc4 5. Qxc4 Bf5 6. g3 e6 7. Bg2 Be7 8. O-O O-O 9. Qb3 Qb6 10. Nbd2 Nbd7 11. Nc4 Qa6 12. Bf4 Nb6 13. Bd6 Bxd6 14. Nxd6 Rad8 15. Nxf5 exf5 16. e3 Nbd5 17. Ne5 Qb6 18. Qxb6 axb6 19. Rac1 Rfe8 20. Nd3 g6 21. Rfd1 Kg7 22. Nf4 Ne4 23. Nxd5 Rxd5 24. h4 h5 25. a3 Red8 26. Re1 Ra8 27. Re2 b5 28. Rec2 b4 29. Bxe4 fxe4 30. axb4 Rb5 31. Rc4 Ra4 32. Kf1 Raxb4 33. Rxb4 Rxb4 34. Rc2 Kf6 35. Ke2 Rb5 36. Ke1 Kf5 37. Kf1 f6 38. Kg2 Kg4 39. Rd2 g5 40. hxg5 fxg5 41. Rc2 h4 42. Re2 hxg3 43. fxg3 Rf5 44. b4 Rf3 45. b5 Rxg3+ 46. Kf2 Kh3 47. Kf1 g4 48. bxc6 bxc6 49. Rc2 Rf3+ 50. Kg1 Rxe3 51. Rxc6 Rd3 52. Kf2 g3+ 53. Ke2 g2 54. Rh6+ Kg3 55. Rg6+ Kh2 56. Kf2 Rf3+ 0-1

[Event "28th North American Open"]
[Site "Las Vegas"]
[Date "2018.12.29"]
[Round "7"]
[White "Sam, Gabriel"]
[Black "Vivekananthan, Anish"]
[Result "0-1"]
[ECO "E10"]
[WhiteElo "2185"]
[BlackElo "2294"]
[PlyCount "57"]
[EventDate "2018.12.??"]
[EventType "swiss"]
[EventRounds "9"]
[EventCountry "USA"]
[TimeControl "6600+10"]
[WhiteClock "0:29:29"]
[BlackClock "0:07:40"]

1. d4 Nf6 2. c4 e6 3. Nf3 d5 4. cxd5 exd5 5. Nc3 Bb4 6. Bg5 h6 7. Bxf6 Qxf6 8. a3 Bxc3+ 9. bxc3 c5 10. e3 Nc6 11. Bb5 O-O 12. O-O c4 13.
h3 Bf5 14. Ba4 Rab8 15. Bc2 b5 16. Re1 Rfe8 17. Nd2 Bxc2 18. Qxc2 a5 19. e4 Qd6 20. exd5 Qxd5 21. Nf1 Rxe1 22. Rxe1 Qd6 23. a4 b4 24. Ne3 bxc3 25. Qxc3 Qxd4 26. Qxd4 Nxd4 27. Nxc4 Rb4 28. Nxa5 Rxa4 29. Nb7 0-1

[Event "28th North American Open"]
[Site "Las Vegas"]
[Date "2018.12.29"]
[Round "7"]
[White "Ramer, Scott"]
[Black "Chua, Alexander"]
[Result "1-0"]
[ECO "B23"]
[WhiteElo "2200"]
[BlackElo "2291"]
[PlyCount "109"]
[EventDate "2018.12.??"]
[EventType "swiss"]
[EventRounds "9"]
[EventCountry "USA"]
[TimeControl "6600+10"]
[WhiteClock "0:11:46"]
[BlackClock "0:23:48"]

1. e4 c5 2. Nc3 Nc6 3. Bb5 Nd4 4. Nf3 g6 5. Ba4 Bg7 6. O-O a6 7. Nxd4 cxd4 8. Ne2 e6 9. c3 b5 10. Bc2 dxc3 11. dxc3 d6 12. a4 Rb8 13. axb5 axb5 14. Nd4 Bd7 15. Ra6 Qc7 16. Nb3 Ke7 17. Be3 Rc8 18. Ra7 Qb8 19. Qd3 Nf6 20. Rfa1 Rhd8 21. R1a6 Ng4 22. Bb6 Ne5 23. Bxd8+ Rxd8 24. Qe2 Nc6 25. Ra8 Qxa8 26. Rxa8 Rxa8 27. Qxb5 Ra2 28. Qg5+ Bf6 29. Qc1 h5 30. f4 e5 31. Qb1 Ra8 32. f5 Bg5 33. Kf2 Rb8 34. Ke2 Na7 35. Qa2 Nc8 36. Nd2 Rb7 37. fxg6 fxg6 38. Nf3 Be6 39. Qb1 Bh6 40. Bd3 Rc7 41. h3 Nb6 42. Ne1 Nc4 43. Nc2 Rb7 44. Nb4 Ne3 45. Nd5+ Bxd5 46. exd5 Nxg2 47. Bxg6 Nf4+ 48. Kf3 Nxh3 49. Bxh5 Ng5+ 50. Kg4 Rc7 51. Qg6 Rc4+ 52. Kg3 Ne4+ 53. Kg2 Bf4 54. Qe8+ Kf6 55. Qf7+ 1-0

[Event "28th North American Open"]
[Site "Las Vegas"]
[Date "2018.12.29"]
[Round "7"]
[White "Della Morte, Pablo"]
[Black "Kollar, Romain"]
[Result "1-0"]
[ECO "B51"]
[WhiteElo "2286"]
[BlackElo "2180"]
[PlyCount "81"]
[EventDate "2018.12.??"]
[EventType "swiss"]
[EventRounds "9"]
[EventCountry "USA"]
[TimeControl "6600+10"]
[WhiteClock "0:01:17"]
[BlackClock "0:03:48"]

1. e4 c5 2. Nf3 d6 3. Bb5+ Nd7 4. O-O a6 5. Bd3 Ngf6 6. Re1 b5 7. c4 bxc4 8. Bxc4 e6 9. d4 cxd4 10. Nxd4 Bb7 11. Nc3 Nc5 12. Bd5 Qc7 13. Bg5 Be7 14. b4 Nxd5 15. Nxd5 Bxd5 16. exd5 Bxg5 17. bxc5 dxc5 18. Nxe6 fxe6 19. Qh5+ Qf7 20. Qxg5 O-O 21.
dxe6 Qxf2+ 22. Kh1 Qf5 23. Qh4 Qf4 24. Qh3 c4 25. e7 Rfe8 26.
Qd7 Qf7 27. Rac1 h6 28. Rc3 Rac8 29. Rf3 Qg6 30. Ref1 Kh7 31. Rf4 c3 32. Rg4 Qh5 33. Qd3+ Kh8 34. Rgf4 Rg8 35. Qc2 Qc5 36. Rf7 Rce8 37. Re1 Qd4 38. Rf3 Qd6 39. Rfe3 g6 40. Qxc3+ Rg7 41. Re6 1-0

[Event "28th North American Open"]
[Site "Las Vegas"]
[Date "2018.12.29"]
[Round "7"]
[White "Yang, Kevin"]
[Black "Lehmann, Spencer"]
[Result "0-1"]
[ECO "A07"]
[WhiteElo "2135"]
[BlackElo "2254"]
[PlyCount "90"]
[EventDate "2018.12.??"]
[EventType "swiss"]
[EventRounds "9"]
[EventCountry "USA"]
[TimeControl "6600+10"]
[WhiteClock "0:55:28"]
[BlackClock "0:03:13"]

1. Nf3 d5 2. g3 Nf6 3. Bg2 e6 4. O-O c5 5. c4 d4 6. e3 Nc6 7. exd4 cxd4 8. d3 Bd6 9. b3 O-O 10. Na3 Re8 11. Nc2 e5 12. Bb2 a5 13. Rb1 Rb8 14. Na3 Nb4 15. Nb5 Bf5 16. Ba3 Bf8 17. Bxb4 axb4 18. Re1 Nd7 19. Nh4 Be6 20. Nf3 Bg4 21. h3 Bh5 22. Qc2 f6 23. Nh4 Nc5 24. a3 bxa3 25. Nxa3 e4 26. dxe4 d3 27. Qd2 Na6 28. Nb5 Bb4 29. Nc3 b5 30. g4 Bf7 31. cxb5 Rc8 32.
Rec1 Nc5 33. Qd1 d2 34. Rc2 Nxb3 35. Nd5 Bxd5 36. Rxc8 Qxc8 37. Rxb3 Qc1 38. Rb1 Qxd1+ 39. Rxd1 Bb3 40. Bf3 Bxd1 41. Bxd1 Rxe4 42. Bb3+ Kf8 43. b6 Re1+ 44. Kg2 d1=Q 45. Bxd1 Rxd1 0-1

[Event "28th North American Open"]
[Site "Las Vegas"]
[Date "2018.12.29"]
[Round "8.1"]
[White "Brattain, Mika"]
[Black "Zierk, Steven"]
[Result "1/2-1/2"]
[ECO "A06"]
[WhiteElo "2411"]
[BlackElo "2510"]
[PlyCount "70"]
[EventDate "2018.12.??"]
[EventType "swiss"]
[EventRounds "9"]
[EventCountry "USA"]
[TimeControl "6600+10"]
[WhiteClock "0:19:40"]
[BlackClock "0:06:17"]

1. Nf3 d5 2. g3 Nf6 3. Bg2 c6 4. O-O Bf5 5. b3 h6 6. Bb2 e6 7. d3 Be7 8. c4 O-O 9. Nbd2 Nbd7 10. Qc2 a5 11. a3 Bh7 12. Ne5 Nxe5 13.
Bxe5 Qb6 14. Qb2 Rfd8 15. Nf3 Ne8 16. Bc3 f6 17. d4 a4 18. Nd2 Qa6 19. c5 b6 20. cxb6 axb3 21. Bh3 Kf7 22. Qxb3 Rdb8 23. Bb4 Bxb4 24. axb4 Qxb6 25. Qc3 Nd6 26. e3 Bf5 27. Bxf5 Nxf5 28. Ra5 Ra7 29. Rxa7+ Qxa7 30. Qxc6 Rxb4 31. Qc3 Ra4 32. Nb3 Rc4 33. Qd3 Nd6 34. Ra1 Ra4 35. Rxa4 Qxa4 1/2-1/2

[Event "28th North American Open"]
[Site "Las Vegas"]
[Date "2018.12.29"]
[Round "8.2"]
[White "Li, Ruifeng"]
[Black "Zhu, Jack"]
[Result "1-0"]
[ECO "B26"]
[WhiteElo "2559"]
[BlackElo "2364"]
[PlyCount "93"]
[EventDate "2018.12.??"]
[EventType "swiss"]
[EventRounds "9"]
[EventCountry "USA"]
[TimeControl "6600+10"]
[WhiteClock "0:20:50"]
[BlackClock "0:26:23"]

1. e4 c5 2. Nc3 Nc6 3. g3 g6 4. Bg2 Bg7 5. d3 d6 6. Nge2 e5 7. O-O Nge7 8. f4 O-O 9. Be3 Nd4 10. Qd2 Rb8 11. Rf2 b5 12. Raf1 b4 13.
Nd1 Bg4 14. Nc1 Qa5 15. fxe5 dxe5 16. Bg5 Qc7 17. Ne3 Be6 18. g4 Kh8 19. c3 bxc3 20. bxc3 Nb5 21. Nb3 Ng8 22. c4 Nd4 23. Nxd4 cxd4 24. Nd5 Bxd5 25. exd5 f6 26. Bh4 Qc5 27. Bg3 a5 28. h4 a4 29. Qe1 Rbe8 30. g5 f5 31. h5 e4 32. dxe4 d3 33.
Kh1 gxh5 34. e5 h4 35. Bh2 h3 36. Bxh3 Qxc4 37. d6 Qd4 38. Bxf5 Rxe5 39. Bxe5 Bxe5 40. Qe4 Qxd6 41. Qxd3 Qxd3 42. Bxd3 Rd8 43. Rf3 Rd6 44. Rh3 h6 45. Rf7 Bg7 46. Ra7 Rd4 47. gxh6 1-0

[Event "28th North American Open"]
[Site "Las Vegas"]
[Date "2018.12.29"]
[Round "8.3"]
[White "Li, Zhaozhi"]
[Black "Becerra Rivero, Julio"]
[Result "1-0"]
[ECO "D15"]
[WhiteElo "2399"]
[BlackElo "2520"]
[PlyCount "121"]
[EventDate "2018.12.??"]
[EventType "swiss"]
[EventRounds "9"]
[EventCountry "USA"]
[TimeControl "6600+10"]
[WhiteClock "0:09:02"]
[BlackClock "0:34:12"]

1. d4 Nf6 2. c4 c6 3. Nf3 d5 4. Nc3 a6 5. c5 Nbd7 6. Bf4 Nh5 7. Bd2 Nhf6 8.
Bf4 Nh5 9. Bd2 Nhf6 10. Qc2 g6 11. g3 Bg7 12. Bg2 O-O 13.
O-O Re8 14. Rad1 Nf8 15. Qb3 Ra7 16. Na4 Bf5 17. Nh4 Be6 18.
f4 N6d7 19. Bc3 f6 20. f5 Bf7 21. Qc2 g5 22. Nf3 e5 23. e3 Ra8 24. g4 h5 25. h3 Nh7 26. Nd2 Qc7 27. Qd3 Re7 28. Nb3 Rae8 29. Rfe1 Bf8 30. Bd2 Qb8 31. Ba5 Kg7 32. Qf1 Kg8 33. Qf2 Kg7 34. Qf1 Kg8 35.
Qf2 Kg7 36. Bf3 Kh8 37. Re2 Bg8 38. Rde1 Bf7 39. Bg2 Kg7 40. Nc1 Kg8 41. Nd3 Bg7 42. Rc2 Nhf8 43. Rc3 Bh6 44. Rb3 exd4 45. exd4 Re4 46. Bf3 Bg7 47. Rc3 hxg4 48. hxg4 Rxe1+ 49. Nxe1 Ne5 50. dxe5 fxe5 51. Bd1 Nh7 52. Rh3 d4 53. Nf3 e4 54. Rxh7 Kxh7 55. Nxg5+ Kg8 56. Nxf7 e3 57. Qh4 Qf4 58. Bb3 Kf8 59. Ng5 Re7 60. Ne6+ Rxe6 61. Bxe6 1-0